Zazza, neutral female human Tourist ------ ---.--.-- |........ |........ --..<.... |...- --@.- ..h. Zazza the Rambler Experience level: 1 Strength: 13 Dexterity: 11 Constitution: 12 Intelligence: 14 Wisdom: 8 Charisma: 18 Health: 0(12) Energy: 0(0) Def: 1 Gold: 580 Moves: 1864 Dungeon seed: _w8blP9v_pNnlFE_ Game ID: Zazza_1619029266 Your Inventory: Coins $ - 580 gold pieces Weapons a - 28 +2 darts (in quiver) p - a +1 orcish dagger (weapon in hand) q - a cursed +0 orcish dagger r - a +0 dart s - 3 cursed -1 darts v - a +0 orcish dagger H - a +0 elven dagger J - a cursed +0 crossbow K - 6 +0 crossbow bolts M - a +1 dagger Armor e - an uncursed burnt +0 Hawaiian shirt (being worn) n - a blessed +0 pair of elven boots (being worn) y - an uncursed +0 orcish helm z - an uncursed +0 orcish helm N - a cursed +0 scale mail O - a blessed +0 dwarvish cloak P - a cursed -1 pair of iron shoes Comestibles b - 8 uncursed food rations d - 4 uncursed tripe rations g - an uncursed egg h - an uncursed lembas wafer Scrolls w - an uncursed scroll of enchant armor Spellbooks C - an uncursed spellbook of levitation Potions i - 2 uncursed potions of extra healing A - an uncursed potion of enlightenment G - a potion of holy water Rings B - an uncursed ring of warning (on left hand) D - an uncursed ring of protection from shape changers Wands o - a wand of slow monster (0:3) Tools k - an expensive camera (0:51) l - an uncursed credit card t - an uncursed towel Gems E - 2 uncursed worthless pieces of black glass F - an uncursed worthless piece of orange glass I - an uncursed worthless piece of violet glass L - an uncursed worthless piece of white glass Q - 2 uncursed worthless pieces of red glass Y - an uncursed garnet stone Spells and supernatural/magical abilities: Name Level Category Fail Memory L - levitation 4 escape 100% 99% W - pray for help -- divine ? -- Your skills at the end: Fighting Skills Weapon Skills dart [Basic] Spellcasting Skills Final Attributes: You were nominally aligned. You were warned. You were stealthy. You are dead. Vanquished creatures: a gnomish wizard a dwarf a gas spore a hobbit a large kobold 3 giant rats a green mold 2 red molds 3 gnomes 8 jackals 2 foxes 3 kobolds 5 goblins 5 sewer rats 3 grid bugs 5 lichens 9 newts 54 creatures vanquished. Voluntary challenges: You used a wielded weapon 5 times, starting on turn 410. You were a pacifist. You read items or engraved 20 times, starting on turn 39. You never genocided any monsters. You never polymorphed an object. You never changed form. You used no wishes. You never split a pudding. You wrote Elbereth's name 2 times, starting on turn 39. You never violated your personal moral code. Dungeon overview: The Dungeons of Doom: levels 1 to 4 Level 1 some fountains a long staircase Level 2 a delicatessen Level 3 some fountains Level 4 some fountains stairs to The Gnomish Mines The Gnomish Mines: levels 5 to 6 Level 5 stairs to The Dungeons of Doom Level 6 <- You were here History has recorded: On T:1 you entered the Dungeons of Doom to retrieve the Amulet of Yendor! On T:590 you reached level 2 of The Dungeons of Doom. On T:971 you reached level 3 of The Dungeons of Doom. On T:1303 you reached level 4 of The Dungeons of Doom. On T:1714 you reached level 1 of The Gnomish Mines. On T:1822 you reached level 2 of The Gnomish Mines. Score breakdown: Gold: 534 ( 9280 points) Experience: 1 level ( 0 points) Exploration: 6 levels ( 13.04%) (10000 points) Discoveries: 4 items ( 1.34%) ( 3475 points) Valuables value: (no points given unless you survive) Artifact value: 0 ( 0 points) Variety of kills: 17 monsters ( 4.46%) ( 6336 points) Turncount: 1864 turns ( 0 points) Survival: died (score multiplied by 80%) Total score: 23272 Latest messages: You have a little trouble lifting P - a pair of hard shoes. You have a little trouble lifting Q - 2 red gems. You stop. Armand is in the way! You displace Armand. You stop. Armand is in the way! Suddenly, Armand disappears out of sight. A trap door opens up under you! You are beginning to feel weak. That food really hit the spot! You finish eating the food ration. The dwarf wields a pick-axe! You miss the dwarf. You hear some noises in the distance. The dwarf swings her pick-axe. The dwarf hits! You write in the dust with your fingers. The dwarf swings her pick-axe. The dwarf hits! You die... Final status: Aloha Zazza the Tourist, killed by a dwarf... You died in The Gnomish Mines on dungeon level 6 with 23272 points, and 580 pieces of gold, after 1864 moves. You were level 1 with a maximum of 12 hit points when you died.